 Dungeon Crawl Stone Soup version 0.24.0-13-gcf9b319 (webtiles) character file.

Game seed: 9860193149268128287, levelgen mode: deterministic

11240 SrDuds the Cleaver (level 11, -5/84 HPs)
             Began as a Demonspawn Berserker on Dec 25, 2019.
             Was a High Priest of Trog.
             Slain by a death knight
             ... wielding a +3 great sword of distortion
              (23 damage)
             ... on level 12 of the Dungeon.
             The game lasted 01:27:41 (11375 turns).

SrDuds the Cleaver (Demonspawn Berserker)          Turns: 11375, Time: 01:27:42

Health: -5/84      AC: 14    Str: 21    XL:     11   Next: 46%
Magic:  5/11       EV: 12    Int: 11    God:    Trog [*****.]
Gold:   398        SH: 17    Dex: 12    Spells: 10/10 levels left

rFire    . . .     SeeInvis .   h - +2 morningstar (crush)
rCold    . . .     Gourm    .   g - +0 shield
rNeg     . . .     Faith    .   Q - +0 plate armour of Uloanoria {Int+2 Slay+3}
rPois    .         Spirit   .   x - +1 helmet
rElec    .         Reflect  .   (no cloak)
rCorr    .         Harm     .   (no gloves)
MR       .....                  f - +1 pair of boots
Stlth    ..........             (no amulet)
HPRegen  0.24/turn              L - ring of stealth
MPRegen  0.12/turn              G - +4 ring of evasion

@: no status effects
A: claws 2, large bone plates 2, spiny 1, rot immunity
a: Berserk, Trog's Hand, Brothers in Arms, Renounce Religion


You were on level 12 of the Dungeon.
You worshipped Trog.
Trog was extremely pleased with you.
You were not hungry.

You visited 2 branches of the dungeon, and saw 12 of its levels.

You collected 610 gold pieces.
You spent 212 gold pieces at shops.

Inventory:

Hand Weapons
 e - a +1 bardiche of distortion
 h - a +2 morningstar of crushing (weapon)
 H - a +2 flail of pain
 T - a +3 halberd of freezing
 U - a cursed +0 broad axe
Missiles
 b - 7 boomerangs
 j - 11 poisoned darts
 v - 2 silver javelins
 C - 34 bolts (quivered)
 J - 6 datura-tipped darts
 R - 3 throwing nets
Armour
 f - a +1 pair of boots (worn)
 g - a +0 shield (worn)
 x - a +1 helmet (worn)
 K - the +0 scale mail "Cair" {*Corrode rN+ MR+}
   (You bought it in a shop on level 5 of the Dungeon)

   It protects you from negative energy.
   It affects your resistance to hostile enchantments.
   It may corrode you when you take damage.
 Q - the +0 plate armour of Uloanoria (worn) {Int+2 Slay+3}
   (You found it on level 10 of the Dungeon)

   It affects your intelligence (+2).
   It affects your accuracy and damage with ranged weapons and melee attacks
   (+3).
Jewellery
 u - an uncursed ring of flight
 G - a +4 ring of evasion (right claw)
 L - a ring of stealth (left claw)
 V - a +5 ring of evasion
Wands
 s - a wand of flame (9)
 t - a wand of random effects (19)
 y - a wand of polymorph (23)
 z - a wand of digging (8)
 O - a wand of acid (4)
Scrolls
 d - 3 scrolls of immolation
 k - a scroll of noise {unknown}
 l - a scroll of random uselessness {unknown}
 m - a scroll of magic mapping
 n - 2 scrolls of enchant armour
 o - a scroll of amnesia {unknown}
 q - 2 scrolls of teleportation
 r - 5 scrolls of remove curse
 D - a scroll of vulnerability {unknown}
 E - a scroll of fog {unknown}
 F - a scroll of enchant weapon {unknown}
Potions
 i - 3 potions of curing
 p - 2 potions of berserk rage
 w - 2 potions of flight {unknown}
 A - a potion of lignification {unknown}
 B - 3 potions of brilliance
 M - a potion of mutation {unknown}
 N - a potion of resistance {unknown}
 P - a potion of cancellation {unknown}
 S - a potion of heal wounds
Miscellaneous
 a - a phantom mirror
Comestibles
 c - 10 rations
 I - 5 chunks of flesh


   Skills:
 - Level 7.0 Fighting
 * Level 8.9(9.9) Axes
 - Level 6.9(9.0) Maces & Flails
 - Level 1.8 Armour
 + Level 8.3 Dodging
 - Level 8.0 Shields


You had 10 spell levels left.
You didn't know any spells.
Your spell library contained the following spells:

 Spells                   Type           Power        Failure   Level  Hunger
 Animate Skeleton         Necr           N/A          100%        1    ##.....
 Corona                   Hex            #......      100%        1    ##.....
 Pain                     Necr           #...         100%        1    ##.....
 Summon Butterflies       Summ           #.......     100%        1    ##.....
 Ensorcelled Hibernation  Hex/Ice        #.....       100%        2    ###....
 Call Canine Familiar     Summ           #.......     100%        3    ####...
 Confuse                  Hex            #.......     100%        3    ####...
 Dazzling Spray           Conj/Hex       #.....       100%        3    ####...
 Regeneration             Chrm/Necr      #.........   100%        3    ####...
 Tukima's Dance           Hex            #.......     100%        3    ####...
 Vampiric Draining        Necr           #.........   100%        3    ####...
 Animate Dead             Necr           N/A          100%        4    #####..
 Summon Ice Beast         Ice/Summ       #.......     100%        4    #####..
 Summon Mana Viper        Hex/Summ       #.......     100%        5    ######.
 Summon Hydra             Summ           #.........   100%        7    #######


Dungeon Overview and Level Annotations

Branches:
Dungeon (12/15)            Temple (1/1) D:4            Lair (0/6) D:11
    Orc (0/2) D:12

Altars:
Ashenzari
Cheibriados
Dithmenos
Elyvilon
Fedhas
Hepliaklqana
Kikubaaqudgha
Makhleb
Okawaru
Qazlal
Ru
Sif Muna
Trog
Uskayaw
Vehumet
Wu Jian
Xom
Yredelemnul
Zin
The Shining One

Shops:
D:5 [

Annotations:
D:11 2 transporters, Nergalle; Ohekkopy's ghost, novice MiFi


Innate Abilities, Weirdness & Mutations

You have very sharp fingernails.
You are mostly covered in large bone plates. (SH +6)
You are partially covered in sharp spines.
You are immune to rotting.


Message History

Fire/throw which item? (* to show all) (? for menu, Esc to quit)
Tossing away (i - inventory. (/) - cycle)
C - 34 bolts (quivered)
Press: ? - help, Shift-Dir - straight line, f - death knight
Aim: a death knight, wielding a +3 great sword of distortion and wearing a +0 chain mail of poison resistance (heavily wounded, reflecting injuries)
You throw a throwing net. The throwing net hits the death knight.
The death knight is caught in the net!
The death knight is heavily wounded.
The death knight's dark mirror aura disappears.
The death knight struggles against the net.
The death knight struggles against the net.
The death knight struggles against the net.
The death knight struggles against the net.
The death knight struggles against the net.
The net rips apart, and the death knight comes free!
You thump the death knight!
The death knight is severely wounded.
The death knight hits you with a +3 great sword of distortion.
* * * LOW HITPOINT WARNING * * *
Space warps horribly around you!!
You die...

#..#
#..#
#..#
#..#
#.>#
#..#
#..#
#..#
#..#
#p.#
#@.#
#..#
#..#
#..#
#..#
#..#
#..#
#..#
#..#


You could see a death knight.

Vanquished Creatures
  An ugly thing (D:12)
  A manticore (D:10)
  Maurice (D:11)
  A cyclops (D:10)
  2 centaur skeletons
  3 trolls
  2 hippogriffs
  Sigmund (D:6)
  12 yaks
  2 wyverns
  A shadow (D:12)
  A basilisk (D:11)
  Eustachio (D:6)
  Duvessa (D:6)
  3 porcupines (D:11)
  A black bear (D:6)
  2 orc warriors
  2 ice beasts
  3 sky beasts
  6 ogres
  2 eyes of draining
  7 centaurs
  A crocodile (D:11)
  2 big kobolds
  6 bullfrogs
  A gnoll sergeant (D:7)
  Dowan (D:6)
  4 scorpions
  A howler monkey (D:7)
  5 wights (D:11)
  A quasit (D:11)
  A centaur zombie (D:11)
  6 hounds
  A bullfrog skeleton (D:12)
  3 orc priests
  6 jellies
  9 orc wizards
  A gnoll shaman (D:10)
  4 iguanas
  5 worker ants
  Robin (D:3)
  3 worker ant zombies
  9 adders
  9 gnolls
  3 shadow imps
  9 oozes (D:4)
  2 adder zombies (D:5)
  2 adder skeletons
  2 worms
  A dart slug (D:1)
  5 leopard geckos
  33 orcs
  A ball python (D:1)
  8 giant cockroaches
  17 goblins
  11 hobgoblins
  2 jackals (D:4)
  23 kobolds
  4 quokkas
  5 bats
  2 frilled lizards
  7 rats
273 creatures vanquished.

Vanquished Creatures (collateral kills)
  Harold (D:11)
  A two-headed ogre (D:11)
  An orc warrior (D:11)
3 creatures vanquished.

Vanquished Creatures (others)
  A bush (D:11)
  7 fungi
  24 plants (D:11)
  10 toadstools (D:4)
42 creatures vanquished.

Grand Total: 318 creatures vanquished

Notes
Turn   | Place    | Note
-------+----------+-------------------------------------------
     0 | D:1      | SrDuds the Demonspawn Berserker began the quest for the
                  | Orb.
     0 | D:1      | Reached XP level 1. HP: 18/18 MP: 1/1
   168 | D:1      | Gained mutation: You are partially covered in large bone
                  | plates. (SH +4) [demonic ancestry]
   168 | D:1      | Reached XP level 2. HP: 12/24 MP: 2/2
   756 | D:1      | Reached ** piety under Trog
   775 | D:1      | Reached XP level 3. HP: 28/29 MP: 3/3
  1482 | D:2      | Reached XP level 4. HP: 23/37 MP: 4/4
  2063 | D:3      | Noticed Robin
  2295 | D:3      | Killed Robin
  2295 | D:3      | Reached skill level 1 in Shields
  2445 | D:3      | Reached XP level 5. HP: 40/42 MP: 5/5
  2564 | D:3      | Found a blossoming altar of Fedhas.
  2566 | D:3      | Found a sacrificial altar of Ru.
  2566 | D:3      | Found a white marble altar of Elyvilon.
  2573 | D:3      | Found an ornate altar of the Wu Jian Council.
  2573 | D:3      | Found a basalt altar of Yredelemnul.
  2872 | D:4      | Reached *** piety under Trog
  2980 | D:4      | Found a staircase to the Ecumenical Temple.
  2989 | Temple   | Entered the Ecumenical Temple
  3504 | D:4      | Reached skill level 1 in Maces & Flails
  3506 | D:4      | Gained mutation: You are mostly covered in large bone
                  | plates. (SH +6) [demonic ancestry]
  3506 | D:4      | Reached XP level 6. HP: 26/49 MP: 6/6
  4131 | D:5      | Entered Level 5 of the Dungeon
  4257 | D:5      | Noticed a sky beast
  4281 | D:5      | Killed a sky beast
  4562 | D:5      | Gained mutation: You are partially covered in sharp spines.
                  | [demonic ancestry]
  4562 | D:5      | Reached XP level 7. HP: 44/55 MP: 7/7
  4568 | D:5      | Reached skill level 5 in Axes
  4724 | D:5      | Found Qegi's Armour Boutique.
  4730 | D:5      | Bought the +0 scale mail "Cair" {*Corrode rN+ MR+} for 212
                  | gold pieces
  5198 | D:6      | Noticed Sigmund
  5211 | D:6      | Killed Sigmund
  5211 | D:6      | Reached skill level 5 in Fighting
  5224 | D:5      | Reached XP level 8. HP: 31/63 MP: 8/8
  5596 | D:6      | Reached **** piety under Trog
  5673 | D:6      | Noticed Dowan
  5684 | D:6      | Noticed Eustachio
  5698 | D:6      | Found a shimmering blue altar of Sif Muna.
  5764 | D:6      | Killed Eustachio
  5764 | D:6      | Reached skill level 5 in Maces & Flails
  5997 | D:6      | Noticed Duvessa
  6013 | D:6      | Killed Duvessa
  6016 | D:6      | Killed Dowan
  6379 | D:7      | Received a gift from Trog
  6395 | D:7      | Gained mutation: You have sharp fingernails. [demonic
                  | ancestry]
  6395 | D:7      | Reached XP level 9. HP: 26/69 MP: 9/9
  7476 | D:8      | You fall into a shaft and drop 2 floors!
  7476 | D:10     | Entered Level 10 of the Dungeon
  7477 | D:10     | Noticed a manticore
  7494 | D:10     | Killed a manticore
  7710 | D:10     | Reached skill level 5 in Shields
  7826 | D:10     | Noticed a troll
  7854 | D:10     | Killed a troll
  7999 | D:10     | Noticed a troll
  8003 | D:10     | Noticed a cyclops
  8027 | D:10     | HP: 3/108 [gnoll shaman/+0 club (6)]
  8715 | D:10     | Gained mutation: You are immune to rotting. [demonic
                  | ancestry]
  8715 | D:10     | Reached XP level 10. HP: 49/79 MP: 10/10
  8855 | D:10     | Found a stormy altar of Qazlal.
  8862 | D:10     | Got a dazzling plate armour
  8873 | D:10     | Identified the cursed +0 plate armour of Uloanoria {Int+2
                  | Slay+3} (You found it on level 10 of the Dungeon)
  9381 | D:10     | Killed a cyclops
 10162 | D:11     | Found a transporter.
 10163 | D:11     | Noticed Ohekkopy's ghost (novice MiFi)
 10180 | D:11     | Found a transporter.
 10204 | D:11     | Found a staircase to the Lair.
 10228 | D:11     | Noticed Nergalle
 10239 | D:11     | Noticed a two-headed ogre
 10243 | D:11     | Noticed Harold
 10268 | D:11     | Reached skill level 5 in Dodging
 10268 | D:11     | Noticed Maurice
 10285 | D:11     | Killed Maurice
 10621 | D:11     | Gained mutation: You have very sharp fingernails. [demonic
                  | ancestry]
 10621 | D:11     | Reached XP level 11. HP: 77/84 MP: 11/11
 10842 | D:11     | Killed Harold
 10843 | D:11     | Killed a two-headed ogre
 10983 | D:11     | Reached ***** piety under Trog
 11243 | D:12     | Found a staircase to the Orcish Mines.
 11313 | D:12     | Noticed a green ugly thing
 11323 | D:12     | Killed a green ugly thing
 11359 | D:12     | Noticed a death knight
 11375 | D:12     | Slain by a death knight

Levels and vault maps discovered:
D:1:      psy_arrival_conway, layout_basic
D:2:      layout_loops_cross
D:3:      layout_rooms, grunt_temple_overflow_open, uniq_robin
D:4:      cheibrodos_fertilizer, layout_gridville,
          minmay_temple_entry_junction_2
D:5:      layout_loops_cross, serial_shops, kennysheep_mini, first_ration
D:6:      layout_basic, kennysheep_little_box, uniq_duvessa, uniq_eustachio,
          uniq_sigmund
D:7:      layout_basic
D:8:      layout_basic, hangedman_pestilent_swarm
D:10:     layout_basic, minmay_ruined_shrine
D:11:     layout_layer_cave, minmay_lair_entry_grove,
          gammafunk_ghost_stat_death, uniq_maurice, uniq_nergalle, uniq_harold
D:12:     layout_long_grid, orc_0_dummy, serial_bayou_pond_e
Temple:   eino_narrow_crystal_temple

Skill      XL: |  1  2  3  4  5  6  7  8  9 10 11 |
---------------+----------------------------------+-----
Axes           | 3 4 5 6 7 8 |  8.9
Fighting       | 4 5 6 7 |  7.0
Shields        | 1 2 4 6 8 |  8.0
Dodging        | 2 3 5 8 |  8.3
Maces & Flails | 1 3 4 5 6 |  6.9
Armour         | |  1.8

Action                   |  1- 3 |  4- 6 |  7- 9 | 10-12 || total
-------------------------+-------+-------+-------+-------++-------
Melee: Hand axe          |   135 |    84 |       |       ||   219
       Morningstar       |       |    84 |       |   111 ||   195
       Flail             |       |    41 |   315 |   146 ||   502
       War axe           |       |       |    16 |       ||    16
Throw: Stone             |    23 |    60 |       |       ||    83
       Boomerang         |       |     1 |       |       ||     1
       Throwing net      |       |       |       |     1 ||     1
Invok: Berserk           |     2 |     1 |     2 |     1 ||     6
       Trog's Hand       |       |     1 |     4 |     1 ||     6
       Brothers in Arms  |       |       |     1 |     2 ||     3
Evoke: Wand              |       |       |     1 |     1 ||     2
  Use: Scroll            |     2 |     2 |     5 |     4 ||    13
       Potion            |     1 |       |     7 |     6 ||    14
  Eat: Chunk             |     4 |     5 |     9 |     3 ||    21
       Ration            |       |     2 |     3 |     2 ||     7
Armor: Animal skin       |     7 |       |       |       ||     7
       Leather armour    |     9 |     9 |       |       ||    18
       Chain mail        |       |    83 |    10 |       ||    93
       Scale mail        |       |       |    73 |       ||    73
       Plate armour      |       |       |       |    48 ||    48
Dodge: Dodged            |    64 |    40 |    95 |    70 ||   269
Block: Shield            |    58 |   130 |   286 |   212 ||   686
       Other             |     3 |       |       |       ||     3
